 Dungeon Crawl Stone Soup version 0.18.1-50-g88ac8fd (webtiles) character file.

1483 ololoev the Chopper (level 8, -2/64 HPs)
             Began as a Demonspawn Berserker on Oct 28, 2016.
             Was a Believer of Trog.
             Slain by a mummy (8 damage)
             ... in an ossuary.
             The game lasted 00:11:26 (1628 turns).

ololoev the Chopper (Demonspawn Berserker)          Turns: 1628, Time: 00:11:27

Health: -2/64      AC: 12    Str: 23    XL:     8   Next: 50%
Magic:  8/8        EV:  7    Int:  8    God:    Trog [**....]
Gold:   121        SH:  0    Dex: 12    Spells: 0 memorised, 7 levels left

rFire  + . .     SeeInvis .     a - +0 hand axe
rCold  . . .     Gourm    .     e - +0 plate armour
rNeg   . . .     Faith    .     (no shield)
rPois  .         Spirit   .     (no helmet)
rElec  .         Dismiss  .     (no cloak)
rCorr  .         Reflect  .     (no gloves)
SustAt .         Harm     .     (no boots)
MR     ++...                    (no amulet)
Stlth  ..........               (no ring)
                                (no ring)

@: lethally poisoned (-2 -> -2), exhausted, regenerating, drained, very
resistant to hostile enchantments, extremely unstealthy
A: blurry vision 1, fire resistance 1, high mp 1, powered by death 1, strong 1
a: Berserk, Trog's Hand, Burn Spellbooks, Renounce Religion


Innate Abilities, Weirdness & Mutations

Your flesh is heat resistant.
You regenerate a little health from kills.
Scrolls take you a little longer to read.
You have an increased reservoir of magic (+10% MP).
Your muscles are strong. (Str +2)

Inventory:

Hand Weapons
 a - a +0 hand axe (weapon)
Missiles
 p - a throwing net (quivered)
Armour
 e - a +0 plate armour (worn)
Wands
 k - a wand of digging (19/24)
Scrolls
 d - a scroll of remove curse {unknown}
 f - a scroll of identify {unknown}
 h - 2 scrolls of fear {unknown}
 j - 2 scrolls of recharging {unknown}
 l - a scroll of enchant armour {unknown}
 m - a scroll of magic mapping {unknown}
Potions
 b - 5 potions of mutation
 i - a potion of brilliance {unknown}
 q - a potion of agility
Comestibles
 c - 3 bread rations
 o - a meat ration


   Skills:
 + Level 6.0(5.4) Fighting
 * Level 7.5(6.9) Axes
 + Level 5.0(4.4) Armour
 - Level 1.7(1.2) Dodging


You had 7 spell levels left.
You didn't know any spells.
You were in an ossuary. You worshipped Trog. Trog was pleased with you. You were very hungry. You visited 1 branch of the dungeon, and saw 7 of its levels. You also visited: Ossuary. You collected 121 gold pieces. ######################### #.....#.....#...#...#...# #.....#.....'...#.∩.'.∩.# #.....8.....#...#...#...# #...........##'###'###### #...........#@!.#...#...# ###8.....8###M..#...8...# #...........#!?.#.......# #...........######8...8## #.....8.....#.^.#.......# #.....#.....'^..#...8...# #.....#.....#...#...#...# ##'###########'#######'## #.^^#...# #...#...#^^.#

Notes
Turn   | Place    | Note
--------------------------------------------------------------
     0 | D:1      | ololoev the Demonspawn Berserker began the quest for the Orb.
     0 | D:1      | Reached XP level 1. HP: 18/18 MP: 1/1
    93 | D:2      | Noticed Ijyb
   102 | D:2      | Killed Ijyb
   102 | D:2      | Reached skill level 3 in Axes
   102 | D:2      | Gained mutation: Your flesh is heat resistant. [demonic ancestry]
   102 | D:2      | Reached XP level 2. HP: 24/24 MP: 2/2
   154 | D:2      | Gained mutation: You regenerate a little health from kills. [demonic ancestry]
   154 | D:2      | Reached XP level 3. HP: 29/29 MP: 3/3
   296 | D:2      | Reached ** piety under Trog
   361 | D:4      | Reached XP level 4. HP: 35/35 MP: 4/4
   481 | D:5      | Entered Level 5 of the Dungeon
   500 | D:5      | Reached skill level 4 in Axes
   539 | D:6      | Reached XP level 5. HP: 42/42 MP: 5/5
   597 | D:5      | Noticed a phantom
   647 | D:5      | Killed a phantom
   668 | D:5      | Reached XP level 6. HP: 33/48 MP: 6/6
   742 | D:6      | Reached skill level 5 in Axes
   756 | D:6      | Found a shimmering altar of Xom.
   756 | D:6      | Noticed Blork the orc
   826 | D:6      | Killed Blork the orc
   948 | D:6      | Found a stormy altar of Qazlal.
   971 | D:6      | Found a shattered altar of Ashenzari.
  1006 | D:7      | Reached XP level 7. HP: 55/55 MP: 7/7
  1065 | D:7      | Reached skill level 5 in Fighting
  1065 | D:7      | Reached skill level 6 in Axes
  1069 | D:7      | Found a glowing silver altar of Zin.
  1282 | D:7      | Found a glowing golden altar of the Shining One.
  1376 | D:7      | Noticed Duvessa
  1376 | D:7      | Noticed Dowan
  1385 | D:7      | Killed Dowan
  1385 | D:7      | Reached XP level 8. HP: 63/63 MP: 8/8
  1387 | D:7      | Reached *** piety under Trog
  1392 | D:7      | Killed Duvessa
  1419 | D:7      | Found a sand-covered staircase.
  1441 | Ossuary  | Entered an ossuary
  1456 | Ossuary  | Reached skill level 7 in Axes
  1617 | Ossuary  | Reached skill level 5 in Armour
  1626 | Ossuary  | Gained mutation: Your muscles are strong. (Str +2) [potion of mutation]
  1626 | Ossuary  | Gained mutation: You have an increased reservoir of magic (+10% MP). [potion of mutation]
  1626 | Ossuary  | Gained mutation: Scrolls take you a little longer to read. [potion of mutation]
  1628 | Ossuary  | Slain by a mummy

Dungeon Overview and Level Annotations

Branches:
Dungeon (7/15)
 Temple: D:4-7

Altars:
Ashenzari
Qazlal
Xom
Zin
The Shining One


Message History

The scorpion poisons you!
You hit the scorpion.
The scorpion is almost dead.
You closely miss the scorpion.
The scorpion is severely wounded.
You hit the human zombie.
You feel sick.
Unknown command.
You hit the scorpion.
You kill the scorpion!
Trog accepts your kill.
You hit the human zombie. You closely miss the scorpion.
The scorpion is severely wounded.
You feel sick. The scorpion barely misses you.
The human zombie hits you but does no damage.
You closely miss the scorpion.
The scorpion is severely wounded.
You slash the human zombie!
You feel sick. The scorpion stings you.
You are more poisoned.
The scorpion poisons you!
You barely miss the scorpion.
The scorpion is severely wounded.
You hit the human zombie.
You feel sick.
The human zombie hits you but does no damage.
You hit the scorpion but do no damage.
The scorpion is severely wounded.
You hit the human zombie.
You feel sick. The scorpion stings you!
You slash the scorpion!
You kill the scorpion!
Trog accepts your kill.
Your base Fighting skill increases to level 6!
You slash the human zombie!
You destroy the human zombie!
Your base Armour skill increases to level 5!
You feel sick.
You feel sick.
The door flies open with a bang!
You feel a strong urge to attack something.
You feel sick.
You feel sick.
There is an open door here.
You feel your anger subside.
You are no longer berserk.
Trog's vigour flows through your veins.
You are exhausted.
You feel yourself slow down.
You are feeling very hungry.
You feel sick. The mummy hits you but does no damage.
You see here a purple potion.
Use which ability? (? or * to list)
Your skin crawls.
You feel resistant to hostile enchantments.
You feel slightly more hungry.
You feel sick. The mummy completely misses you.
You slash the mummy!
The mummy is heavily damaged.
You feel sick.
You hit the mummy.
The mummy is severely damaged.
You feel sick. The mummy hits you!
You hit the mummy.
The mummy is almost destroyed.
You feel less regenerative.
You feel sick. The mummy hits you!
Drink which item? (? for menu, Esc to quit)
Okay, then.
Drink which item? (? for menu, Esc to quit)
It was a potion of mutation.
You feel extremely strange.
You feel stronger.
You feel more energetic.
Your vision blurs.
You feel sick. The mummy barely misses you.
Drink which item? (? for menu, Esc to quit)
Okay, then.
Drink which item? (? for menu, Esc to quit)
It was a potion of agility.
You feel agile all of a sudden.
You feel sick. The mummy hits you.
Drink which item? (? for menu, Esc to quit)
It was a potion of cancellation.
Your magical effects are unravelling.
You feel magically purged.
You feel yourself speed up.
You feel a little less agile now.
You feel sick. The mummy hits you!
You die...

You could see a mummy.

Vanquished Creatures
  Duvessa (D:7)
  An orc warrior (D:7)
  A phantom (D:5)
  A centaur (D:7)
  Blork the orc (D:6)
  A giant frog (D:6)
  Dowan (D:7)
  6 scorpions
  4 wights (D:7)
  A crimson imp (D:7)
  A hound (D:7)
  2 human zombies (Ossuary)
  A giant frog skeleton (D:5)
  An orc priest (D:7)
  3 orc wizards
  An iguana (D:6)
  Ijyb (D:2)
  A worker ant (D:4)
  A killer bee zombie (D:6)
  A hound skeleton (D:6)
  A worker ant zombie (D:6)
  4 scorpion zombies (Ossuary)
  2 adders
  A shadow imp (D:4)
  A worm (D:2)
  2 dart slugs
  A giant gecko (D:7)
  15 orcs
  A bat (D:2)
  2 giant cockroaches
  A gnoll zombie (Ossuary)
  3 goblins (D:2)
  A hobgoblin (D:2)
  3 jackals (D:2)
  A quokka (D:4)
  A giant newt (D:2)
  A hobgoblin zombie (Ossuary)
  2 kobolds (D:2)
  An orc zombie (Ossuary)
  A rat (D:2)
76 creatures vanquished.

Vanquished Creatures (others)
  14 toadstools (D:3)
14 creatures vanquished.

Grand Total: 90 creatures vanquished

Action                   |  1- 3 |  4- 6 |  7- 9 || total
-------------------------+-------+-------+-------++-------
Melee: Hand axe          |    93 |   156 |   222 ||   471
Throw: Throwing net      |       |       |     1 ||     1
Invok: Berserk           |     3 |     4 |     4 ||    11
       Trog's Hand       |       |     1 |     4 ||     5
  Use: Potion            |       |       |     3 ||     3
  Eat: Chunk             |       |     4 |     5 ||     9
       Meat ration       |       |     1 |       ||     1
Armor: Plate armour      |    56 |   111 |   116 ||   283
Dodge: Dodged            |    29 |    65 |    70 ||   164

Vault maps used:
D:1:      dpeg_arrival_three_same_balls
D:2:      elyvilon_altar_4, first_bread, uniq_iyjb
D:3:      tgw_fedhas, uniq_jessica, uniq_grinder
D:4:      nicolae_ru_sacrificial_ziggurat
D:5:      lemuel_round_altar, old_standard_altar, serial_shops,
          kennysheep_little_box, grunt_decor_mini_mirrors, uniq_menkaure
D:6:      grunt_temple_overflow_open, minmay_temple_entry_overgrown,
          uniq_blork_the_orc, uniq_prince_ribbit1
D:7:      forest_paths, zin_statuary, lightli_ossuary_entry_decrepit_ruins,
          basic_altar, uniq_duvessa, uniq_joseph
Ossuary:  ossuary_minmay_scorpions
